 Dungeon Crawl Stone Soup version 0.26-a0-660-gc07710193c (webtiles) character file.

Game seed: 1808628476889533358

23 smeego the Ducker (level 2, 0/21 HPs)
             Began as an Octopode Fighter on Oct 7, 2020.
             Slain by a jackal (3 damage)
             ... on level 2 of the Dungeon.
             The game lasted 00:00:50 (827 turns).

smeego the Ducker (Octopode Fighter)                 Turns: 827, Time: 00:00:51

Health: 0/21       AC:  1    Str: 17    XL:     2   Next: 95%
Magic:  2/2        EV: 11    Int: 10    God:
Gold:   40         SH:  8    Dex:  9    Spells: 1/1 levels left

rFire    + . .     SeeInvis .   a - +0 long sword
rCold    + . .     Faith    .   b - +0 kite shield
rNeg     . . .     Spirit   .   (helmet restricted)
rPois    +         Reflect  .   (no amulet)
rElec    +         Harm     .   (no ring)
rCorr    +         Rampage  .   (no ring)
MR       .....                  (no ring)
Stlth    ++........             (no ring)
HPRegen  0.07/turn              (no ring)
MPRegen  0.08/turn              (no ring)
                                (no ring)
                                (no ring)

@: resistant
A: almost no armour, stealthy swim, amphibious, 8 rings, constrict 8, antennae
1, camouflage 1, clumsy 1, sense surroundings 1, strong 1, gelatinous body 1
a: no special abilities


You were on level 2 of the Dungeon.
You visited 1 branch of the dungeon, and saw 2 of its levels.

You collected 40 gold pieces.

Inventory:

Hand Weapons
 a - a +0 long sword (weapon)
Missiles
 i - 8 poisoned darts (quivered)
Armour
 b - a +0 kite shield (worn)
Jewellery
 h - an uncursed amulet of the acrobat {unknown}
Scrolls
 d - 3 scrolls of identify {unknown}
 e - a scroll of magic mapping {unknown}
Potions
 c - a potion of might


   Skills:
 + Level 3.1 Fighting
 * Level 2.4 Long Blades
 + Level 0.6 Throwing
 + Level 3.1 Dodging
 + Level 1.1 Stealth
 + Level 3.1 Shields
 + Level 0.4 Unarmed Combat


You had one spell level left.
You didn't know any spells.
Your spell library was empty.

Dungeon Overview and Level Annotations

Branches:
Dungeon (2/15)

Altars:

Annotations:
D:2 Sigmund


Innate Abilities, Weirdness & Mutations

You cannot wear most types of armour.
You are very stealthy in the water. (Stealth+)
You are amphibious.
You can wear up to eight rings at the same time.
You can use your tentacles to constrict eight enemies at once.
Your skin changes colour to match your surroundings (Stealth+).
Your rubbery body absorbs attacks. (AC +1, EV +1)
You have a pair of small antennae on your head.
You are clumsy. (Dex -2)
You passively map a small area around you.
Your muscles are strong. (Str +2)


Message History

The quokka closely misses you.
You riposte.
You completely miss the quokka. Your grab misses the quokka.
Your squeeze misses the quokka.
The quokka is lightly wounded.
It was a potion of mutation.
You feel extremely strange.
You feel clumsy. A pair of antennae grows on your head!
You feel a strange attunement to the structure of the dungeons.
You feel stronger. The jackal barely misses you. The quokka misses you.
You block the jackal's attack.
It was a potion of resistance.
You feel protected. You block the quokka's attack.
The jackal closely misses you.
You closely miss the quokka. Your grab misses the quokka.
The quokka is lightly wounded.
You block the jackal's attack. The quokka closely misses you.
You riposte.
You closely miss the quokka. Your grab misses the quokka.
You squeeze the quokka.
You kill the quokka!
The jackal bites you.
You die...

##### #...# ##
###...##### *
*
...#...[.....
, ...........#
#.#..†.h..####
#.### *
#....†@.......
#.... ,
#####.<.######
, ##### * , ,
* , , * * * *
, *


You could see a jackal.

Vanquished Creatures
  2 oozes (D:1)
  A bat (D:1)
  3 jackals (D:2)
  A kobold (D:1)
  A quokka (D:2)
  A ball python (D:1)
  A frilled lizard (D:1)
  3 goblins (D:1)
  A rat (D:1)
14 creatures vanquished.

Notes
Turn   | Place    | Note
-------+----------+-------------------------------------------
     0 | D:1      | smeego the Octopode Fighter began the quest for the Orb.
     0 | D:1      | Reached XP level 1. HP: 16/16 MP: 1/1
   555 | D:1      | Reached XP level 2. HP: 21/21 MP: 2/2
   685 | D:2      | Noticed Sigmund
   693 | D:1      | Reached skill level 1 in Stealth
   825 | D:2      | Gained mutation: You are clumsy. (Dex -2) [potion of
                  | mutation]
   825 | D:2      | Gained mutation: You have a pair of small antennae on your
                  | head. [potion of mutation]
   825 | D:2      | Gained mutation: You passively map a small area around you.
                  | [potion of mutation]
   825 | D:2      | Gained mutation: Your muscles are strong. (Str +2) [potion
                  | of mutation]
   827 | D:2      | Slain by a jackal

Illustrated notes

Levels and vault maps discovered:
D:1:      minmay_arrival_wavy_path, layout_basic, minmay_close_crescents
D:2:      layout_loops_ring, nicolae_overflow_hidden_temple,
          hangedman_decor_riveting, uniq_robin, uniq_sigmund

Skill      XL: |  1  2 |
---------------+-------+-----
Stealth        | 1 |  1.1
Fighting       | |  3.1
Long Blades    | |  2.4
Throwing       | |  0.6
Dodging        | |  3.1
Shields        | |  3.1
Unarmed Combat | |  0.4

Action                   || total
-------------------------++-------
Melee: Long sword        ||    29
       Tentacles         ||     8
       Constrict         ||     6
  Use: Potion            ||     2
Armor: Skin              ||     4
Dodge: Dodged            ||    25
Block: Kite shield       ||    24
       Rpst.: Long sword ||     8

Table legend: (Time is in decaauts)
 A = Elapsed time spent in this place.
 B = Non-inter-level travel time spent in this place.
 C = Inter-level travel time spent in this place.
 D = Time resting spent in this place.
 E = Time spent auto-exploring this place.
 F = Levels seen in this place.
 G = Mean time per level.
                   A        B        C        D        E       F      G
               +--------+--------+--------+--------+--------+-----+--------+
         Total |    839 |    783 |     56 |     58 |    623 |   2 |  419.5 |
       Dungeon |    839 |    783 |     56 |     58 |    623 |   2 |  419.5 |
               +--------+--------+--------+--------+--------+-----+--------+

Top non-repeatable levels by time:
     D:1: 813 daAuts
     D:2: 25 daAuts
